TOP OF THE 1ST |
Kansas City Kings batting - Pitching for Austin River Sharks : LHP Dave Watkins
|
Pitching: LHP Dave Watkins
|
|
Batting: LHB Brian Boone
|
0-0: Foul Ball, location: 2F 0-1: Ball 1-1: Ball 2-1: Swinging Strike 2-2: Ball 3-2: Foul Ball, location: 2F 3-2: Strikes out swinging
|
Batting: SHB Douglas Taylor
|
0-0: Called Strike 0-1: Ball 1-1: Ball 2-1: Ball 3-1: Foul Ball, location: 2F 3-2: Base on Balls
|
Batting: RHB Toshimichi Kono
|
0-0: Ball 1-0: Ball 2-0: Foul Ball, location: 2F 2-1: Called Strike 2-2: Ground out 4-3 (Groundball, 4S) Douglas Taylor to second
|
Batting: RHB Chris Chandler
|
0-0: Ball 1-0: SINGLE (Line Drive, 78M) Douglas Taylor to third Runner from 3rd tries for Home, SAFE, no throw
|
Batting: RHB Dave Parker
|
0-0: Called Strike 0-1: SINGLE (Groundball, 5D) Chris Chandler to second
|
Batting: SHB José Cruz
|
0-0: SINGLE (Groundball, 34D) Chris Chandler to third Dave Parker to second Runner from 3rd tries for Home, SAFE, no throw
|
Batting: LHB Ray Spencer
|
0-0: Fly out, F3 (Line Drive, 34)
|
Top of the 1st over - 2 run(s), 3 hit(s), 0 error(s), 2 left on base; Kansas City 2 - Austin 0 |
BOTTOM OF THE 1ST |
Austin River Sharks batting - Pitching for Kansas City Kings : RHP Javier García
|
Pitching: RHP Javier García
|
|
Batting: LHB Russell Peck
|
0-0: Called Strike 0-1: Ground out 6-3 (Groundball, 6)
|
Batting: RHB Clark Hodge
|
0-0: Called Strike 0-1: Foul Ball, location: 2F 0-2: Ball 1-2: Ball 2-2: Ball 3-2: Foul Ball, location: 2F 3-2: Foul Ball, location: 2F 3-2: Foul Ball, location: 2F 3-2: Strikes out swinging
|
Batting: SHB Juan Castro
|
0-0: Foul Ball, location: 2F 0-1: Ball 1-1: Ball 2-1: Foul Ball, location: 2F 2-2: Foul Ball, location: 2F 2-2: SINGLE (Groundball, 4MD)
|
Batting: LHB Pedro Zaragoza
|
0-0: Ball 1-0: Called Strike 1-1: Foul Ball, location: 2F 1-2: Foul Ball, location: 2F 1-2: Fielders Choice at 2nd, 4-6 (Groundball, 34)
|
Bottom of the 1st over - 0 run(s), 1 hit(s), 0 error(s), 0 left on base; Kansas City 2 - Austin 0 |
TOP OF THE 2ND |
Kansas City Kings batting - Pitching for Austin River Sharks : LHP Dave Watkins
|
Batting: SHB António De La Cruz
|
0-0: SOLO HOME RUN (Flyball, 78XD), Distance : 415 ft
|
Batting: RHB Raúl Bruno
|
0-0: Ball 1-0: Ball 2-0: Called Strike 2-1: Called Strike 2-2: Ground out 4-3 (Groundball, 4)
|
Batting: LHB Brian Boone
|
0-0: Ground out 4-3 (Groundball, 4S)
|
Batting: SHB Douglas Taylor
|
0-0: Fly out, F8 (Flyball, 89D)
|
Top of the 2nd over - 1 run(s), 1 hit(s), 0 error(s), 0 left on base; Kansas City 3 - Austin 0 |
BOTTOM OF THE 2ND |
Austin River Sharks batting - Pitching for Kansas City Kings : RHP Javier García
|
Batting: RHB Kenneth Roberts
|
0-0: Called Strike 0-1: SINGLE (Groundball, 56D)
|
Batting: LHB Terry Maloney
|
0-0: Called Strike 0-1: Ball 1-1: Ball 2-1: Called Strike 2-2: Strikes out swinging
|
Batting: RHB Carlos Guzmán
|
0-0: DOUBLE (Line Drive, 9LM) Kenneth Roberts to third
|
Batting: RHB Orlando Bruno
|
0-0: Ball 1-0: Foul Ball, location: 2F 1-1: Ball 2-1: Ball 3-1: Fly out, F8 (Flyball, 78D) Runner from 3rd tags up, SCORES, no throw
|
Batting: LHB Harry Pitts
|
0-0: Ball 1-0: Called Strike 1-1: Ball 2-1: Swinging Strike 2-2: Ground out 4-3 (Groundball, 34)
|
Bottom of the 2nd over - 1 run(s), 2 hit(s), 0 error(s), 1 left on base; Kansas City 3 - Austin 1 |
TOP OF THE 3RD |
Kansas City Kings batting - Pitching for Austin River Sharks : LHP Dave Watkins
|
Batting: RHB Toshimichi Kono
|
0-0: Called Strike 0-1: SINGLE (Flyball, 34D)
|
Batting: RHB Chris Chandler
|
0-0: Called Strike 0-1: Ball 1-1: Ball 2-1: Foul Ball, location: 2F 2-2: Foul Ball, location: 2F 2-2: Foul Ball, location: 2F 2-2: Strikes out swinging
|
Batting: RHB Dave Parker
|
0-0: Foul Ball, location: 2F 0-1: Grounds into double play, 6-4-3 (Groundball, 6)
|
Top of the 3rd over - 0 run(s), 1 hit(s), 0 error(s), 0 left on base; Kansas City 3 - Austin 1 |
BOTTOM OF THE 3RD |
Austin River Sharks batting - Pitching for Kansas City Kings : RHP Javier García
|
Batting: LHB Russell Peck
|
0-0: Called Strike 0-1: Fly out, F9 (Flyball, 9S)
|
Batting: RHB Clark Hodge
|
0-0: DOUBLE (Flyball, 89M)
|
Batting: SHB Juan Castro
|
0-0: Ball 1-0: Called Strike 1-1: Ball 2-1: Fly out, F7 (Flyball, 78M)
|
Batting: LHB Pedro Zaragoza
|
0-0: Ball 1-0: Swinging Strike 1-1: Swinging Strike 1-2: Ball 2-2: Strikes out swinging
|
Bottom of the 3rd over - 0 run(s), 1 hit(s), 0 error(s), 1 left on base; Kansas City 3 - Austin 1 |
TOP OF THE 4TH |
Kansas City Kings batting - Pitching for Austin River Sharks : LHP Dave Watkins
|
Batting: SHB José Cruz
|
0-0: Bunt for hit - play at first, batter OUT! 3-4
|
Batting: LHB Ray Spencer
|
0-0: Ground out 4-3 (Groundball, 4)
|
Batting: SHB António De La Cruz
|
0-0: Ball 1-0: Ball 2-0: Foul Ball, location: 2F 2-1: Foul Ball, location: 2F 2-2: Foul Ball, location: 2F 2-2: Ball 3-2: Foul Ball, location: 2F 3-2: Base on Balls
|
Batting: RHB Raúl Bruno
|
0-0: Ball 1-0: Swinging Strike 1-1: Foul Ball, location: 2F 1-2: Strikes out swinging
|
Top of the 4th over - 0 run(s), 0 hit(s), 0 error(s), 1 left on base; Kansas City 3 - Austin 1 |
BOTTOM OF THE 4TH |
Austin River Sharks batting - Pitching for Kansas City Kings : RHP Javier García
|
Batting: RHB Kenneth Roberts
|
0-0: Foul Ball, location: 2F 0-1: DOUBLE (Flyball, 78D)
|
Batting: LHB Terry Maloney
|
0-0: Ball 1-0: Foul Ball, location: 2F 1-1: Foul Ball, location: 2F 1-2: Ball 2-2: Fly out, F5 (Flyball, 5D)
|
Batting: RHB Carlos Guzmán
|
0-0: Swinging Strike 0-1: Swinging Strike 0-2: Ground out 6-3 (Groundball, 6)
|
Batting: RHB Orlando Bruno
|
0-0: Called Strike 0-1: Ball 1-1: Called Strike 1-2: Ball 2-2: Foul Ball, location: 2F 2-2: Ball 3-2: Foul Ball, location: 2F 3-2: Foul Ball, location: 2F 3-2: Foul Ball, location: 2F 3-2: Foul Ball, location: 2F 3-2: Base on Balls
|
Batting: LHB Harry Pitts
|
0-0: Ball Wild Pitch! Kenneth Roberts to third Orlando Bruno to second 1-0: Ball 2-0: Called Strike 2-1: 3-RUN HOME RUN (Flyball, 9LD), Distance : 355 ft
|
Batting: LHB Russell Peck
|
0-0: Ball 1-0: Ground out 5-3 (Groundball, 5S)
|
Bottom of the 4th over - 3 run(s), 2 hit(s), 0 error(s), 0 left on base; Kansas City 3 - Austin 4 |
TOP OF THE 5TH |
Kansas City Kings batting - Pitching for Austin River Sharks : LHP Dave Watkins
|
Pitching: RHP Pedro Leal
|
|
Batting: LHB Brian Boone
|
0-0: Ball 1-0: Ball 2-0: Called Strike 2-1: Foul Ball, location: 2F 2-2: Ball 3-2: SINGLE (Flyball, 7S)
|
Batting: SHB Douglas Taylor
|
0-0: Ball 1-0: Ball 2-0: Ball 3-0: Foul Ball, location: 2F 3-1: Fly out, F8 (Flyball, 78M)
|
Batting: RHB Toshimichi Kono
|
0-0: Ball Brian Boone steals 2nd base 1-0: Foul Ball, location: 2F 1-1: Ground out 1-3 (Groundball, P) Brian Boone to third
|
Batting: RHB Chris Chandler
|
0-0: Ball 1-0: Called Strike 1-1: Ball 2-1: SINGLE (Groundball, 56D) Brian Boone scores
|
Batting: RHB Dave Parker
|
0-0: Ball 1-0: Foul Ball, location: 2F 1-1: Ball 2-1: 2-RUN HOME RUN (Flyball, 7D), Distance : 381 ft
|
Batting: SHB José Cruz
|
0-0: Foul Ball, location: 2F 0-1: SOLO HOME RUN (Flyball, 89XD), Distance : 413 ft
|
Batting: LHB Ray Spencer
|
0-0: Called Strike 0-1: Foul Ball, location: 2F 0-2: Strikes out swinging
|
Top of the 5th over - 4 run(s), 4 hit(s), 0 error(s), 0 left on base; Kansas City 7 - Austin 4 |
BOTTOM OF THE 5TH |
Austin River Sharks batting - Pitching for Kansas City Kings : RHP Javier García
|
Pitching: RHP Larry Pérez
|
|
Batting: RHB Clark Hodge
|
0-0: Fly out, F9 (Flyball, 9S)
|
Batting: SHB Juan Castro
|
0-0: Foul Ball, location: 2F 0-1: Ball 1-1: Swinging Strike 1-2: Foul Ball, location: 2F 1-2: Foul Ball, location: 2F 1-2: SINGLE (Line Drive, 7LS)
|
Batting: LHB Pedro Zaragoza
|
0-0: Ball 1-0: Foul Ball, location: 2F 1-1: Ball 2-1: Ball 3-1: Foul Ball, location: 2F 3-2: Strikes out swinging
|
Batting: RHB Kenneth Roberts
|
0-0: Called Strike 0-1: Ball 1-1: Ball 2-1: Foul Ball, location: 2F 2-2: Fielders Choice at 2nd, 5-4 (Groundball, 5)
|
Bottom of the 5th over - 0 run(s), 1 hit(s), 0 error(s), 0 left on base; Kansas City 7 - Austin 4 |
TOP OF THE 6TH |
Kansas City Kings batting - Pitching for Austin River Sharks : RHP Pedro Leal
|
Pitching: RHP Josh Graham
|
|
Batting: SHB António De La Cruz
|
0-0: Foul Ball, location: 2F 0-1: Foul Ball, location: 2F 0-2: Ball 1-2: Ball 2-2: Fly out, F7 (Flyball, 7D)
|
Batting: RHB Raúl Bruno
|
0-0: Ball 1-0: Called Strike 1-1: Called Strike 1-2: Foul Ball, location: 2F 1-2: Strikes out swinging
|
Pinch Hitting: RHB Eric Fuller
|
0-0: Called Strike 0-1: Foul Ball, location: 2F 0-2: Ball 1-2: Strikes out swinging
|
Top of the 6th over - 0 run(s), 0 hit(s), 0 error(s), 0 left on base; Kansas City 7 - Austin 4 |
BOTTOM OF THE 6TH |
Austin River Sharks batting - Pitching for Kansas City Kings : RHP Larry Pérez
|
Now in RF: Ron Crawford
|
|
Batting: LHB Terry Maloney
|
0-0: Swinging Strike 0-1: Called Strike 0-2: Ball 1-2: Fly out, F8 (Flyball, 89S)
|
Batting: RHB Carlos Guzmán
|
0-0: Fly out, F4 (Line Drive, 4D)
|
Batting: RHB Orlando Bruno
|
0-0: Called Strike 0-1: Foul Ball, location: 2F 0-2: Strikes out swinging
|
Bottom of the 6th over - 0 run(s), 0 hit(s), 0 error(s), 0 left on base; Kansas City 7 - Austin 4 |
TOP OF THE 7TH |
Kansas City Kings batting - Pitching for Austin River Sharks : RHP Josh Graham
|
Pinch Hitting: RHB Norm Francis
|
0-0: Called Strike 0-1: Swinging Strike 0-2: Ball 1-2: Ground out 4-3 (Groundball, 4)
|
Batting: RHB Michael Thomas
|
0-0: Called Strike 0-1: Called Strike 0-2: Strikes out swinging
|
Pinch Hitting: LHB Vic Robertson
|
0-0: Ball 1-0: Ground out 6-3 (Groundball, 6)
|
Top of the 7th over - 0 run(s), 0 hit(s), 0 error(s), 0 left on base; Kansas City 7 - Austin 4 |
BOTTOM OF THE 7TH |
Austin River Sharks batting - Pitching for Kansas City Kings : RHP Larry Pérez
|
Now at 1B: Norm Francis
|
|
Now at 2B: Keitaro Suzuki
|
|
Batting: LHB Harry Pitts
|
0-0: Ground out 4-3 (Groundball, 4S)
|
Pinch Hitting: RHB Dan Wyatt
|
0-0: Called Strike 0-1: Ball 1-1: Ground out 5-3 (Groundball, 56S)
|
Pinch Hitting: LHB Enrico Vargas
|
0-0: Called Strike 0-1: SINGLE (Line Drive, 6MD)
|
Pinch Hitting: LHB Miguel Pérez
|
0-0: Ball 1-0: Ball 2-0: Foul Ball, location: 2F 2-1: Swinging Strike 2-2: Strikes out swinging
|
Bottom of the 7th over - 0 run(s), 1 hit(s), 0 error(s), 1 left on base; Kansas City 7 - Austin 4 |
TOP OF THE 8TH |
Kansas City Kings batting - Pitching for Austin River Sharks : RHP Josh Graham
|
Pitching: RHP José Pérez
|
|
Now at 1B: Dan Wyatt
|
|
Now at SS: Juan Acevado
|
|
Now in CF: Miguel Pérez
|
|
Batting: RHB Dave Parker
|
0-0: Called Strike 0-1: Fly out, F2 (Popup, 3S)
|
Pinch Hitting: LHB John Frost
|
0-0: Ground out 4-3 (Groundball, 4D)
|
Pinch Hitting: RHB David Canseco
|
0-0: Swinging Strike 0-1: Ground out 5-3 (Groundball, 56)
|
Top of the 8th over - 0 run(s), 0 hit(s), 0 error(s), 0 left on base; Kansas City 7 - Austin 4 |
BOTTOM OF THE 8TH |
Austin River Sharks batting - Pitching for Kansas City Kings : RHP Larry Pérez
|
Now at 2B: David Canseco
|
|
Now in CF: John Frost
|
|
Batting: LHB Freddy Herrera
|
0-0: Called Strike 0-1: Called Strike 0-2: Ball 1-2: Fly out, F6 (Popup, 6D)
|
Batting: RHB Kenneth Roberts
|
0-0: Called Strike 0-1: Called Strike 0-2: Fly out, F9 (Flyball, 9S)
|
Batting: LHB Terry Maloney
|
0-0: Fly out, F3 (Line Drive, 3S)
|
Bottom of the 8th over - 0 run(s), 0 hit(s), 0 error(s), 0 left on base; Kansas City 7 - Austin 4 |
TOP OF THE 9TH |
Kansas City Kings batting - Pitching for Austin River Sharks : RHP José Pérez
|
Pinch Hitting: LHB Pablo Reyes
|
0-0: Ball 1-0: Fly out, F7 (Flyball, 7)
|
Pinch Hitting: RHB Roberto García
|
0-0: Foul Ball, location: 2F 0-1: Ball 1-1: Ball 2-1: Swinging Strike 2-2: Foul Ball, location: 2F 2-2: Strikes out swinging
|
Batting: LHB Ron Crawford
|
0-0: Called Strike 0-1: Hit by Pitch
|
Batting: RHB Norm Francis
|
0-0: Ball 1-0: Foul Ball, location: 2F 1-1: Swinging Strike 1-2: Strikes out swinging
|
Top of the 9th over - 0 run(s), 0 hit(s), 0 error(s), 1 left on base; Kansas City 7 - Austin 4 |
BOTTOM OF THE 9TH |
Austin River Sharks batting - Pitching for Kansas City Kings : RHP Larry Pérez
|
Pitching: RHP Nick Parks
|
|
Now at C: Roberto García
|
|
Now in LF: Pablo Reyes
|
|
Pinch Hitting: RHB Cristián Peña
|
0-0: Foul Ball, location: 2F 0-1: Called Strike 0-2: Fly out, F8 (Flyball, 78S)
|
Pinch Hitting: RHB Eric Neal
|
0-0: Ball 1-0: Called Strike 1-1: Foul Ball, location: 2F 1-2: Ball 2-2: Foul Ball, location: 2F 2-2: Foul Ball, location: 2F 2-2: Strikes out swinging
|
Batting: LHB Harry Pitts
|
0-0: Called Strike 0-1: Ball 1-1: Foul Ball, location: 2F 1-2: Strikes out swinging
|
Bottom of the 9th over - 0 run(s), 0 hit(s), 0 error(s), 0 left on base; Kansas City 7 - Austin 4 |
|